 Dungeon Crawl Stone Soup version 0.23-a0-586-gacb4b3f (webtiles) character file.

41 inc the Conjurer (level 3, 14/14 HPs)
             Began as a Felid Conjurer on Dec 18, 2018.
             Quit the game on level 3 of the Dungeon.
             The game lasted 00:04:40 (2660 turns).

inc the Conjurer (Felid Conjurer)                   Turns: 2660, Time: 00:04:41

Health: 14/14      AC:  1    Str:  4    XL:     3   Next: 32%
Magic:  7/7        EV: 16    Int: 17    God:
Gold:   82         SH:  4    Dex: 16    Spells: 4/7 levels left
                                        Lives:  0   Deaths: 1

rFire    . . .     SeeInvis +   (weapon unavailable)
rCold    . . .     Gourm    .   (shield unavailable)
rNeg     . . .     Faith    .   (armour unavailable)
rPois    .         Spirit   .   (helmet unavailable)
rElec    .         Reflect  +   (cloak unavailable)
rCorr    .         Harm     .   (gloves unavailable)
MR       .....                  (boots unavailable)
Stlth    +++.......             l - +4 amulet of reflection
HPRegen  0.04/turn              e - -2 ring of evasion (curse)
MPRegen  0.10/turn              (no ring)

@: quick
A: very small, no armour, no weapons or thrown items, stealth, claws 1, fangs 3,
see invisible, carnivore, speed 1, shaggy fur 1, slow metabolism 1, sharp paws
a: no special abilities


You were on level 3 of the Dungeon.
You were not hungry.

You visited 1 branch of the dungeon, and saw 3 of its levels.

You collected 82 gold pieces.

Inventory:

Jewellery
 e - a cursed -2 ring of evasion (left paw)
 l - a +4 amulet of reflection (around neck)
 m - an uncursed ring of protection from cold {unknown}
Scrolls
 a - 4 scrolls of identify
 i - a scroll of enchant weapon {unknown}
Potions
 c - a potion of haste {unknown}
 d - a potion of flight {unknown}
 f - 2 potions of magic {unknown}
 g - 3 potions of curing
 h - 2 potions of agility {unknown}
 j - a potion of invisibility {unknown}
 k - a potion of brilliance {unknown}
Comestibles
 b - 5 rations


   Skills:
 - Level 2.6 Dodging
 - Level 2.6 Stealth
 + Level 2.5 Spellcasting
 - Level 5.0 Conjurations


You had 4 spell levels left.
You knew the following spells:

 Your Spells              Type           Power        Failure   Level  Hunger
a - Magic Dart            Conj           ###.         2%          1    #......
b - Searing Ray           Conj           ###...       3%          2    ##.....

Your spell library contained the following spells:

 Spells                   Type           Power        Failure   Level  Hunger
 Dazzling Spray           Conj/Hex       ##....       19%         3    ###....
 Iskenderun's Mystic Bla  Conj           ###.....     22%         4    #####..
 Force Lance              Conj/Tloc      ##......     54%         4    #####..
 Fulminant Prism          Conj/Hex       ##........   54%         4    #####..


Dungeon Overview and Level Annotations

Branches:
Dungeon (3/15)

Altars:
Cheibriados
Dithmenos
Gozag
Uskayaw

Annotations:
D:3 Grinder


Innate Abilities, Weirdness & Mutations

You cannot wear armour.
You are incapable of wielding weapons or throwing items.
Your paws allow you to move quietly. (Stealth)
You have sharp claws.
You have razor-sharp teeth.
You have supernaturally acute eyesight. (SInv)
You are carnivorous and can eat meat at any time.
You cover ground quickly.
You are covered in fur. (AC +1)
You have a slow metabolism.
Your sharp claws are effective at attacking unaware monsters.


Message History

Press: ? - help, Shift-Dir - straight line, f/p - Grinder
Aim: Grinder (moderately wounded)
The searing ray misses Grinder. (Press . to maintain the ray.)
You block Grinder's attack.
The searing ray hits Grinder.
Grinder is moderately wounded.
Grinder hits you!
Ouch! That really hurt!
* * * LOW HITPOINT WARNING * * *
The searing ray hits Grinder.
Grinder is heavily wounded.
Grinder hits you.
* * * LOW HITPOINT WARNING * * *
You writhe in agony.
You die...
You are now level 3!
You rejoin the land of the living...
Unknown command.
Are you sure you want to abandon this character and quit the game? (Confirm

..#
#(....#####+###........#
###
#.....##.....##.#####+##
#####.....##.....##.#
..........##.....##.#
..........''........#
..........##......###
.......†..##......##
................)..#
.....)..#...<...@..##
........#...........#
.)......###(......>.##
........# #..........##
.(......# #............#
...)(...###÷...........#
)######.......#####....#
.# #.......# ....# .#
#.......# ....#


There were no monsters in sight!

Vanquished Creatures
  4 adders
  A worm (D:2)
  3 dart slugs (D:1)
  A leopard gecko (D:1)
  An orc (D:3)
  2 giant cockroaches (D:2)
  4 goblins
  7 hobgoblins
  3 quokkas
  A ball python (D:2)
  3 bats
  4 frilled lizards
  5 kobolds
  5 rats
44 creatures vanquished.

Notes
Turn   | Place    | Note
-------+----------+-------------------------------------------
     0 | D:1      | inc the Felid Conjurer began the quest for the Orb.
     0 | D:1      | Reached XP level 1. HP: 7/7 MP: 4/4
   102 | D:1      | Found a snail-covered altar of Cheibriados.
   472 | D:1      | Reached skill level 4 in Conjurations
   508 | D:1      | Reached XP level 2. HP: 11/11 MP: 0/6
   578 | D:1      | Learned a level 2 spell: Searing Ray
  1394 | D:2      | Found a hide-covered altar of Uskayaw.
  1394 | D:2      | Found a shadowy altar of Dithmenos.
  1394 | D:2      | Found an opulent altar of Gozag.
  1481 | D:2      | Reached XP level 3. HP: 14/14 MP: 1/7
  1896 | D:2      | Reached skill level 5 in Conjurations
  2250 | D:3      | Reached XP level 4. HP: 18/18 MP: 4/8
  2645 | D:3      | Noticed Grinder
  2653 | D:3      | Paralysed by Grinder for 4 turns
  2659 | D:3      | Slain by Grinder
  2660 | D:3      | Reached XP level 3. HP: 0/14 MP: 1/7
  2660 | D:3      | Quit the game

Vault maps used:
D:1:      minmay_arrival_up_and_down, cheibriados_altar_1
D:2:      gammafunk_temple_overflow_claw
D:3:      uniq_grinder

Skill      XL: |  1  2  3 |
---------------+----------+-----
Conjurations   | 4 5 |  5.0
Dodging        | |  2.6
Stealth        | |  2.6
Spellcasting   | |  2.5

Action                   |  1- 3 |  4- 6 || total
-------------------------+-------+-------++-------
Melee: Unarmed           |     6 |       ||     6
       Bite              |     2 |       ||     2
 Cast: Magic Dart        |    87 |    28 ||   115
       Searing Ray       |     1 |     2 ||     3
  Use: Scroll            |     2 |       ||     2
       Potion            |     1 |       ||     1
  Eat: Chunk             |     4 |       ||     4
Armor: Skin              |     1 |       ||     1
Dodge: Dodged            |    17 |     3 ||    20
Block: Other             |       |     1 ||     1

Table legend:
 A = Non-vault XP
 B = Vault XP
 C = Vault XP percentage of total XP
 D = Non-vault monster count
 E = Vault monster count
 F = Vault count percentage of total count
                 A         B        C        D         E       F
            +---------+---------+-------+---------+---------+-------
      Total |     129 |       0 |   0.0 |      44 |       0 |   0.0
            +---------+---------+-------+---------+---------+-------
        D:1 |      32 |       0 |   0.0 |      17 |       0 |   0.0
        D:2 |      64 |       0 |   0.0 |      15 |       0 |   0.0
        D:3 |      33 |       0 |   0.0 |      12 |       0 |   0.0
            +---------+---------+-------+---------+---------+-------
